 Dungeon Crawl Stone Soup version 0.21.1-1-g345015f (webtiles) character file.

10400 infcreate the Cleaver (level 11, -1/99 HPs)
             Began as a Minotaur Fighter on May 29, 2018.
             Was an Elder of Okawaru.
             Slain by a 13-headed hydra (8 damage)
             ... on level 11 of the Dungeon.
             The game lasted 00:51:54 (11334 turns).

infcreate the Cleaver (Minotaur Fighter)           Turns: 11334, Time: 00:51:55

Health: -1/99      AC: 17    Str: 24    XL:     11   Next: 35%
Magic:  11/11      EV: 11    Int:  5    God:    Okawaru [****..]
Gold:   551        SH: 14    Dex: 15    Spells: 10/10 levels left

rFire    . . .     SeeInvis .   a - +0 war axe
rCold    . . .     Gourm    .   c - +1 shield
rNeg     . . .     Faith    .   o - +0 plate armour
rPois    +         Spirit   .   (helmet restricted)
rElec    .         Reflect  .   (no cloak)
rCorr    .         Harm     .   b - +2 pair of gloves
MR       +....                  (no boots)
Stlth    ..........             (no amulet)
HPRegen  0.26/turn              s - ring of poison resistance
MPRegen  0.12/turn              B - ring of protection from magic

@: agile
A: retaliatory headbutt, horns 2
a: Heroism, Renounce Religion


You were on level 11 of the Dungeon.
You worshipped Okawaru.
Okawaru was greatly pleased with you.
You were hungry.

You visited 2 branches of the dungeon, and saw 12 of its levels.

You collected 551 gold pieces.

Inventory:

Hand Weapons
 a - a +0 war axe (weapon)
Armour
 b - a +2 pair of gloves (worn)
 c - a +1 shield (worn)
 o - a +0 plate armour (worn)
Jewellery
 n - an uncursed ring of ice
 s - a ring of poison resistance (left hand)
 B - a ring of protection from magic (right hand)
 C - an uncursed ring of resist corrosion
Wands
 A - a wand of enslavement (6)
 F - a wand of scattershot (6)
Scrolls
 h - a scroll of blinking
 i - 5 scrolls of remove curse
 k - 4 scrolls of fear
 l - a scroll of enchant weapon {unknown}
 p - 3 scrolls of identify
 t - a scroll of teleportation {unknown}
 u - a scroll of vulnerability {unknown}
 w - a scroll of holy word {unknown}
 x - a scroll of amnesia {unknown}
 y - 4 scrolls of enchant armour
 E - a scroll of random uselessness {unknown}
Potions
 d - 3 potions of might
 e - 3 potions of agility
 g - 8 potions of curing {unknown}
 j - 3 potions of heal wounds
 m - a potion of ambrosia
 q - 4 potions of flight
 r - a potion of lignification {unknown}
 v - 2 potions of haste {unknown}
 z - a potion of magic {unknown}
Comestibles
 f - 30 rations


   Skills:
 + Level 9.7 Fighting
 + Level 14.0 Axes
 + Level 9.3 Armour
 + Level 10.4 Shields
 * Level 1.9 Invocations


You had 10 spell levels left.
You didn't know any spells.

Dungeon Overview and Level Annotations

Branches:
Dungeon (11/15)            Temple (1/1) D:7            Lair (0/6) D:11
    Orc: D:9-12

Altars:
Ashenzari
Cheibriados
Dithmenos
Elyvilon
Fedhas
Gozag
Hepliaklqana
Kikubaaqudgha
Makhleb
Nemelex Xobeh
Okawaru
Qazlal
Ru
Sif Muna
Trog
Uskayaw
Vehumet
Wu Jian
Xom
Yredelemnul
Zin
The Shining One
Jiyva

Shops:
D:7 =   D:9 *

Annotations:
D:7 exclusion: oklob plant


Innate Abilities, Weirdness & Mutations

You reflexively headbutt those who attack you in melee.
You have a pair of horns on your head.


Message History

a club; a scale mail; an orc corpse x2
Things that are here:
a whip; an orc corpse x2
You feel agile all of a sudden.
The 13-headed hydra bites you but does no damage.
You block the 13-headed hydra's attack. x2
The 13-headed hydra closely misses you. You block the 13-headed hydra's attack.
The 13-headed hydra bites you but does no damage. x2
The 13-headed hydra bites you!
* * * LOW HITPOINT WARNING * * *
The 13-headed hydra completely misses you.
The 13-headed hydra bites you but does no damage. x2
The 13-headed hydra bites you.
* * * LOW HITPOINT WARNING * * *
The 13-headed hydra bites you but does no damage.
You are feeling hungry.
You block the 13-headed hydra's attack.
The 13-headed hydra bites you but does no damage. x3
You block the 13-headed hydra's attack. The 13-headed hydra bites you!
You die...

#.#......#
#.######.#
#......#.#
#####.##.#
#.##.#
#.##.#
#.##.#
#.##.#
#@##.#
#D##.#
#.##.#
#.##.#
#.##.#
#.##.#
#.##.###
#.##...#
#.####.#


You could see a 13-headed hydra.

Vanquished Creatures
  The ghost of Saeniel the Fighter, a journeyman GrFi of Qazlal (D:11)
  2 two-headed ogres (D:9)
  A tengu warrior (D:6)
  Joseph (D:8)
  Psyche (D:9)
  Prince Ribbit (D:8)
  A spriggan (D:9)
  4 yaks (D:9)
  A hungry ghost (D:9)
  4 water moccasins
  2 hell hounds (D:11)
  5 sky beasts
  3 black bears
  4 orc warriors
  2 ice beasts
  6 phantoms
  An ogre (D:7)
  6 centaurs
  7 bullfrogs
  2 big kobolds
  A gnoll sergeant (D:4)
  A wyvern skeleton (D:8)
  A scorpion (D:10)
  7 wights
  5 crimson imps
  A bullfrog zombie (D:8)
  3 jellies
  A bullfrog skeleton (D:9)
  8 orc priests
  5 hounds
  3 iguanas
  11 orc wizards
  2 centaur skeletons
  3 gnoll shamans (D:4)
  Ijyb (D:4)
  14 worker ants
  A killer bee zombie (D:10)
  A hound skeleton (D:8)
  Robin (D:3)
  3 worker ant zombies
  8 adders
  25 gnolls (D:4)
  2 oozes
  An adder zombie (D:8)
  6 adder skeletons
  2 worms
  5 dart slugs
  41 orcs
  6 giant cockroaches
  18 goblins
  6 hobgoblins
  38 jackals
  6 quokkas
  9 ball pythons
  9 bats
  6 frilled lizards
  A giant cockroach zombie (D:5)
  A jackal zombie (D:8)
  15 kobolds
  13 rats
346 creatures vanquished.

Notes
Turn   | Place    | Note
-------+----------+-------------------------------------------
     0 | D:1      | infcreate the Minotaur Fighter began the quest for the Orb.
     0 | D:1      | Reached XP level 1. HP: 19/19 MP: 0/0
   222 | D:1      | Reached XP level 2. HP: 27/27 MP: 1/1
   586 | D:1      | Reached XP level 3. HP: 33/33 MP: 2/2
   667 | D:1      | Reached skill level 3 in Axes
  2207 | D:3      | Reached XP level 4. HP: 39/40 MP: 3/3
  2355 | D:3      | Noticed Robin
  2376 | D:3      | Killed Robin
  2743 | D:3      | Reached skill level 4 in Axes
  2743 | D:3      | Reached XP level 5. HP: 45/47 MP: 4/4
  2860 | D:4      | Noticed a phantom
  2864 | D:4      | Noticed Ijyb
  2877 | D:4      | Reached skill level 5 in Shields
  2878 | D:4      | Killed Ijyb
  2879 | D:4      | Killed a phantom
  2879 | D:4      | Reached skill level 5 in Axes
  2879 | D:4      | Reached XP level 6. HP: 12/53 MP: 5/5
  3438 | D:4      | Reached skill level 6 in Axes
  3688 | D:4      | Reached skill level 5 in Fighting
  3751 | D:4      | Reached XP level 7. HP: 34/61 MP: 6/6
  3925 | D:4      | Reached skill level 5 in Armour
  4146 | D:4      | Reached skill level 7 in Axes
  4482 | D:5      | Entered Level 5 of the Dungeon
  4560 | D:5      | Reached XP level 8. HP: 69/69 MP: 7/7
  4645 | D:5      | Reached skill level 8 in Axes
  5328 | D:6      | Noticed a tengu warrior
  5345 | D:6      | HP: 2/70 [tengu warrior/uncursed enchanted long sword (4)]
  5347 | D:6      | Killed a tengu warrior
  5347 | D:6      | Reached skill level 9 in Axes
  5738 | D:6      | Reached XP level 9. HP: 78/78 MP: 8/8
  6438 | D:6      | Found an ancient bone altar of Kikubaaqudgha.
  6497 | D:7      | Found a shadowy altar of Dithmenos.
  6553 | D:7      | Reached skill level 10 in Axes
  6667 | D:7      | Found a burning altar of Makhleb.
  6667 | D:7      | Found a glowing silver altar of Zin.
  6674 | D:7      | Noticed an angel
  6674 | D:7      | Noticed a blizzard demon
  6785 | D:7      | Found a blossoming altar of Fedhas.
  6804 | D:7      | Noticed an oklob plant
  6877 | D:7      | Found Itwuthis's Jewellery Shoppe.
  6969 | D:7      | Found a staircase to the Ecumenical Temple.
  6989 | Temple   | Entered the Ecumenical Temple
  7063 | Temple   | Became a worshipper of Warmaster Okawaru
  7286 | D:7      | Reached skill level 11 in Axes
  7668 | D:8      | Reached * piety under Okawaru
  7856 | D:8      | Reached XP level 10. HP: 82/88 MP: 9/9
  7954 | D:8      | Noticed Joseph
  7963 | D:8      | Killed Joseph
  8113 | D:8      | Noticed Prince Ribbit
  8127 | D:8      | Killed Prince Ribbit
  8127 | D:8      | Reached skill level 12 in Axes
  8266 | D:8      | Found a basalt altar of Yredelemnul.
  8267 | D:8      | Found a sparkling altar of Nemelex Xobeh.
  8267 | D:8      | Found a shimmering altar of Xom.
  8272 | D:8      | Found an opulent altar of Gozag.
  8623 | D:9      | Reached ** piety under Okawaru
  8991 | D:9      | Noticed a two-headed ogre
  9000 | D:9      | Killed a two-headed ogre
  9000 | D:9      | Reached *** piety under Okawaru
  9000 | D:9      | Reached skill level 13 in Axes
  9272 | D:9      | Found a bloodstained altar of Trog.
  9384 | D:9      | Noticed a two-headed ogre
  9393 | D:9      | Killed a two-headed ogre
  9393 | D:9      | Reached **** piety under Okawaru
  9393 | D:9      | Reached skill level 10 in Shields
  9393 | D:9      | Reached XP level 11. HP: 21/97 MP: 7/10
  9706 | D:9      | Noticed Psyche
  9715 | D:9      | Killed Psyche
  9727 | D:9      | Found Gevaec's Serpentskin Sales.
  9846 | D:9      | Found a deep blue altar of Sif Muna.
 10247 | D:10     | Entered Level 10 of the Dungeon
 11009 | D:11     | Reached skill level 1 in Invocations
 11043 | D:11     | Noticed Saeniel's ghost (journeyman GrFi)
 11072 | D:11     | Killed Saeniel's ghost
 11122 | D:11     | Found a staircase to the Lair.
 11186 | D:11     | Reached skill level 14 in Axes
 11284 | D:11     | Noticed an eight-headed hydra
 11334 | D:11     | Slain by a 13-headed hydra

Skill      XL: |  1  2  3  4  5  6  7  8  9 10 11 |
---------------+----------------------------------+-----
Armour         | 4 5 6 7 8 9 |  9.3
Shields        | 4 5 6 7 8 10 | 10.4
Fighting       | 4 5 6 8 9 |  9.7
Axes           | 3 4 5 6 7 9 11 13 14 | 14.0
Invocations    | 1 |  1.9

Action                   |  1- 3 |  4- 6 |  7- 9 | 10-12 || total
-------------------------+-------+-------+-------+-------++-------
Melee: War axe           |   121 |   181 |   434 |   362 ||  1098
       Headbutt          |    12 |    21 |    74 |    72 ||   179
Invok: Heroism           |       |       |       |     3 ||     3
  Use: Scroll            |     6 |       |     1 |     7 ||    14
       Potion            |       |       |     1 |     2 ||     3
  Eat: Chunk             |     4 |     6 |    10 |    13 ||    33
       Ration            |       |       |     1 |       ||     1
Armor: Scale mail        |    46 |       |       |       ||    46
       Chain mail        |    24 |    99 |    51 |       ||   174
       Plate armour      |       |       |   149 |   154 ||   303
Dodge: Dodged            |    43 |    47 |    76 |    71 ||   237
Block: Shield            |    85 |   118 |   221 |   215 ||   639
